 Dungeon Crawl Stone Soup version 0.24.0-125-gc4c63601f3 (webtiles) character file.

Game seed: 6443697467993918135, levelgen mode: deterministic

398 DavidChitty2 the Covered (level 6, -3/39 HPs)
             Began as a Gargoyle Fighter on Feb 25, 2020.
             Slain by an ogre
             ... wielding a +0 giant club
              (19 damage)
             ... on level 4 of the Dungeon.
             The game lasted 00:07:10 (3443 turns).

DavidChitty2 the Covered (Gargoyle Fighter)         Turns: 3443, Time: 00:07:11

Health: -3/39      AC: 16    Str: 21    XL:     6   Next: 83%
Magic:  6/6        EV:  5    Int:  8    God:
Gold:   226        SH:  9    Dex: 10    Spells: 5/5 levels left

rFire    . . .     SeeInvis .   a - +0 flail
rCold    . . .     Gourm    .   c - +0 shield
rNeg     + . .     Faith    .   p - +0 chain mail
rPois    ∞         Spirit   .   (no helmet)
rElec    +         Reflect  .   g - +1 cloak {+Inv}
rCorr    .         Harm     .   (no gloves)
MR       .....                  (no boots)
Stlth    ..........             (no amulet)
HPRegen  0.13/turn              (no ring)
MPRegen  0.10/turn              (no ring)

@: no status effects
A: negative energy resistance 1, electricity resistance, unbreathing,
petrification resistance, rot immunity, AC +4
a: Evoke Invisibility


You were on level 4 of the Dungeon.
You were not hungry.

You visited 1 branch of the dungeon, and saw 4 of its levels.

You collected 226 gold pieces.

Inventory:

Hand Weapons
 a - a +0 flail (weapon)
Armour
 c - a +0 shield (worn)
 g - a +1 cloak of invisibility (worn)
   (You found it on level 3 of the Dungeon)
 p - a +0 chain mail (worn)
   (You took it off an orc on level 3 of the Dungeon)
Scrolls
 b - 2 scrolls of remove curse {unknown}
 f - 2 scrolls of fog {unknown}
 i - 4 scrolls of identify {unknown}
 k - 3 scrolls of teleportation {unknown}
 l - 3 scrolls of amnesia {unknown}
 m - a scroll of enchant armour {unknown}
Potions
 d - 2 potions of might
 h - a potion of heal wounds {unknown}
 j - 2 potions of flight {unknown}
 n - a potion of magic {unknown}
 o - a potion of berserk rage {unknown}
Comestibles
 e - 10 rations {!d}
 q - 5 chunks of flesh


   Skills:
 + Level 4.6 Fighting
 * Level 4.6 Maces & Flails
 + Level 4.6 Armour
 + Level 4.6 Shields


You had 5 spell levels left.
You didn't know any spells.
Your spell library was empty.

Dungeon Overview and Level Annotations

Branches:
Dungeon (4/15)
 Temple: D:4-7

Altars:

Annotations:
D:4 Grinder


Innate Abilities, Weirdness & Mutations

You are resistant to torment.
Your stone body is resilient. (AC +4)
You are immune to poison.
You resist negative energy. (rN+)
You are resistant to electric shocks. (rElec)
You can survive without breathing.
You are immune to petrification.
You are immune to rotting.


Message History

You hit Grinder but do no damage. Grinder hits you but does no damage. x2
Your shield and chain mail prevent you from hitting Grinder.
Grinder barely misses you.
You closely miss Grinder. Grinder gestures at you.
You suddenly lose the ability to move!
Grinder barely misses you. Grinder hits you but does no damage.
Grinder gestures at you.
You shrug off the repeated paralysis!
Grinder says, "Mostly I couldn't keep them alive."
Grinder hits you but does no damage. Grinder gestures at you.
You barely resist.
The ogre shouts!
Grinder hits you but does no damage.
You can move again.
You thump Grinder! Grinder gestures at you. Pain shoots through your body!
You closely miss Grinder. Grinder gestures at you.
You shrug off the repeated paralysis!
You closely miss Grinder. Grinder hits you but does no damage. x2
You closely miss Grinder. Grinder hits you.
You closely miss Grinder. You block Grinder's attack.
You sock Grinder! Grinder gestures at you. Pain shoots through your body!
You block the ogre's attack.
You hit Grinder but do no damage. Grinder gestures at you.
Pain shoots through your body! You block the ogre's attack.
Grinder gestures at you.
You suddenly lose the ability to move!
Grinder gestures at you.
You shrug off the repeated paralysis!
The ogre hits you with a +0 giant club! Grinder gestures at you.
You shrug off the repeated paralysis!
The ogre hits you but does no damage. Grinder barely misses you.
You can move again.
You hit Grinder. The ogre hits you with a +0 giant club!
* * * LOW HITPOINT WARNING * * *
You block Grinder's attack.
Your shield prevents you from hitting Grinder.
The ogre hits you but does no damage.
Grinder says, "FISH!"
Grinder hits you but does no damage.
You closely miss Grinder. You block Grinder's attack.
The ogre hits you with a +0 giant club!!
You die...

#+##########..#
..........###.##
..........###..#####+#######
............................
.
..........##.#..####.######
.. ..........# #.#.# #.# ...
##....##### #..# #.#
#######... ##....### #†##
#.# #......... ......'.#
#.@# #.# #.........
##....#.#
####O5##'###.........
#....#.#
#....................
#....#.#
#....................
#....#.#
#....................
#....#.#
#.....##.###.........
#....#.########'###.#
########'# ............#
#..##.####### #.#
.####....##.# ##.##.##....##
#.#


You could see Grinder and an ogre.

Vanquished Creatures
  A hound (D:4)
  An orc priest (D:3)
  3 worker ants (D:4)
  4 orc wizards
  A howler monkey skeleton (D:4)
  3 adders
  2 oozes
  5 worms
  2 leopard geckos
  15 orcs
  8 bats
  A giant cockroach (D:1)
  4 goblins
  5 hobgoblins
  9 jackals
  5 kobolds
  A quokka (D:4)
  A ball python (D:4)
  8 frilled lizards
  A quokka skeleton (D:4)
  10 rats
90 creatures vanquished.

Notes
Turn   | Place    | Note
-------+----------+-------------------------------------------
     0 | D:1      | DavidChitty2 the Gargoyle Fighter began the quest for the
                  | Orb.
     0 | D:1      | Reached XP level 1. HP: 14/14 MP: 1/1
   103 | D:1      | Reached XP level 2. HP: 18/19 MP: 2/2
   346 | D:1      | Reached XP level 3. HP: 20/23 MP: 3/3
   658 | D:2      | Reached XP level 4. HP: 28/29 MP: 4/4
  1265 | D:3      | Reached XP level 5. HP: 30/33 MP: 5/5
  2638 | D:4      | Reached XP level 6. HP: 33/39 MP: 6/6
  3394 | D:4      | Noticed Grinder
  3424 | D:4      | Paralysed by Grinder for 7 turns
  3437 | D:4      | Paralysed by Grinder for 4 turns
  3443 | D:4      | Slain by an ogre

Levels and vault maps discovered:
D:1:      saegor_arrival_simple_b, layout_rooms, minmay_pentomino_t2
D:2:      layout_loops_ring
D:3:      layout_basic, serial_bayou, serial_bayou_lake_a, serial_bayou_ford_a,
          serial_bayou_lagoon_a, serial_bayou_pond_e
D:4:      layout_basic, first_ration, uniq_grinder

Skill      XL: |  1  2  3  4  5 |
---------------+----------------+-----
Maces & Flails | 3 4 |  4.6
Fighting       | 4 |  4.6
Armour         | 4 |  4.6
Shields        | 4 |  4.6

Action                   |  1- 3 |  4- 6 || total
-------------------------+-------+-------++-------
Melee: Flail             |   126 |   281 ||   407
  Eat: Chunk             |       |     9 ||     9
Armor: Scale mail        |    94 |    61 ||   155
       Chain mail        |       |   141 ||   141
Dodge: Dodged            |    71 |    74 ||   145
Block: Shield            |    86 |   155 ||   241
